 Dungeon Crawl Stone Soup version 0.21.1-1-g345015f (webtiles) character file.

11 tidbits the Sneak (level 2, 8/20 HPs)
             Began as a Gnoll Enchanter on June 9, 2018.
             Quit the game on level 1 of the Dungeon.
             The game lasted 00:02:25 (250 turns).

tidbits the Sneak (Gnoll Enchanter)                  Turns: 250, Time: 00:02:26

Health: 8/20       AC:  2    Str: 10    XL:     2   Next: 25%
Magic:  1/7        EV: 14    Int: 17    God:
Gold:   59         SH:  0    Dex: 15    Spells: 7/10 levels left

rFire    . . .     SeeInvis .   a - +1 dagger
rCold    . . .     Gourm    .   (no shield)
rNeg     . . .     Faith    .   b - +0 robe
rPois    .         Spirit   .   (no helmet)
rElec    .         Reflect  .   (no cloak)
rCorr    .         Harm     .   (no gloves)
MR       .....                  (no boots)
Stlth    +++.......             (no amulet)
HPRegen  0.06/turn              (no ring)
MPRegen  0.10/turn              (no ring)

@: no status effects
A: distributed training, fangs 1, strong nose
a: no special abilities


You were on level 1 of the Dungeon.
You were not hungry.

You visited 1 branch of the dungeon, and saw 2 of its levels.

You collected 59 gold pieces.

Inventory:

Hand Weapons
 a - a +1 dagger (weapon)
Missiles
 e - 45 stones (quivered)
 h - 14 arrows
Armour
 b - a +0 robe (worn)
 i - a +0 ring mail
Scrolls
 g - a scroll of amnesia {unknown}
 j - a scroll of remove curse {unknown}
Potions
 f - a potion of flight {unknown}
 k - a potion of agility {unknown}
Books
 c - a book of Maledictions

   Spells                             Type                      Level
   a - Corona                         Hexes                        1
   b - Ensorcelled Hibernation        Hexes/Ice                    2
   c - Confuse                        Hexes                        3
   d - Tukima's Dance                 Hexes                        3
   e - Dazzling Spray                 Conjuration/Hexes            3
Comestibles
 d - a ration


   Skills:
 + Level 0.3 Fighting
 + Level 2.4 Short Blades
 + Level 0.3 Long Blades
 + Level 0.3 Axes
 + Level 0.3 Maces & Flails
 + Level 0.3 Polearms
 + Level 0.3 Staves
 + Level 0.3 Slings
 + Level 0.3 Bows
 + Level 0.3 Crossbows
 + Level 0.3 Throwing
 + Level 0.3 Armour
 + Level 4.4 Dodging
 + Level 5.9 Stealth
 + Level 0.3 Shields
 + Level 0.3 Unarmed Combat
 + Level 4.9 Spellcasting
 + Level 0.2 Conjurations
 + Level 5.3 Hexes
 + Level 0.2 Charms
 + Level 0.2 Summonings
 + Level 0.2 Necromancy
 + Level 0.2 Translocations
 + Level 0.2 Transmutations
 + Level 0.2 Fire Magic
 + Level 0.2 Ice Magic
 + Level 0.2 Air Magic
 + Level 0.2 Earth Magic
 + Level 0.2 Poison Magic
 + Level 0.4 Invocations
 + Level 0.3 Evocations


You had 7 spell levels left.
You knew the following spells:

 Your Spells              Type           Power        Failure   Level  Hunger
a - Corona                Hex            ###....      1%          1    None
e - Ensorcelled Hibernat  Hex/Ice        ##....       7%          2    #......


Dungeon Overview and Level Annotations

Branches:
Dungeon (2/15)

Altars:
Gozag
Qazlal
Zin


Innate Abilities, Weirdness & Mutations

Your experience applies equally to all skills.
You have very sharp teeth.
Your uncanny sense of smell can sniff out nearby items.


Message History

You hit the bat.
You kill the bat!
You see here a bat corpse.
Found 11 gold pieces.
A frilled lizard and a giant cockroach come into view.
You see here 11 gold pieces.
You now have 49 gold pieces (gained 11).
There is a stone staircase leading down here.
You climb downwards.
A bat comes into view.
There is a stone staircase leading up here.
Found 10 gold pieces.
You see here 10 gold pieces.
You now have 59 gold pieces (gained 10).
A bat comes into view.
Found a scroll labeled IRPHIO FEGUO.
A kobold comes into view.
The bat misses you.
Casting: Corona
Confirm with . or Enter, or press ? or * to list all spells.
Aiming: Ensorcelled Hibernation
Press: ? - help, Shift-Dir - straight line, f - bat
Aim: a bat (chance to defeat MR: 62%)
The bat looks drowsy...
The helpless bat fails to defend itself.
You impale the bat!!
You kill the bat!
You see here a bat corpse.
A goblin comes into view. It is wielding a club.
The goblin shouts!
You see here a scroll labeled IRPHIO FEGUO.
j - a scroll labeled IRPHIO FEGUO You see here a bat corpse.
The kobold barely misses you.
Found 2 gold pieces.
The goblin closely misses you.
Casting: Ensorcelled Hibernation
Confirm with . or Enter, or press ? or * to list all spells.
Aiming: Ensorcelled Hibernation
Press: ? - help, Shift-Dir - straight line, f - kobold
Aim: a kobold (chance to defeat MR: 62%)
You miscast Ensorcelled Hibernation.
You are very lightly contaminated with residual magic.
Nothing appears to happen.
The kobold misses you.
Casting: Ensorcelled Hibernation
Confirm with . or Enter, or press ? or * to list all spells.
Aiming: Ensorcelled Hibernation
Press: ? - help, Shift-Dir - straight line, f/p - kobold
Aim: a kobold (chance to defeat MR: 62%)
The kobold looks drowsy...
The helpless kobold fails to defend itself.
You impale the kobold!!
You kill the kobold!
Casting: Ensorcelled Hibernation
Confirm with . or Enter, or press ? or * to list all spells.
Aiming: Ensorcelled Hibernation
Press: ? - help, Shift-Dir - straight line, f - goblin
Aim: a goblin, wielding a club (chance to defeat MR: 62%)
The goblin resists with significant effort.
You hit the goblin.
You kill the goblin!
Found a stormy altar of Qazlal and a glowing silver altar of Zin.
Your magical contamination has completely faded away.
Found 2 scrolls labeled CYFUTYS TYSTRO.
Found an opulent altar of Gozag.
Found a leather armour.
Found a stone staircase leading down and a stone staircase leading up.
There is a stone staircase leading up here.
You climb upwards.
Found a bubbling ruby potion.
There is a stone staircase leading down here.
Unknown command.
A hobgoblin and a dart slug come into view.
A kobold comes into view. It is wielding a dagger.
You found a teleport trap!
Found a scroll labeled VOOHAGAFEE.
The frilled lizard hisses angrily.
The dart slug bites you.
The hobgoblin shouts!
The hobgoblin completely misses you. The dart slug launches a dart at you.
The slug dart hits you!
You see here a bubbling ruby potion.
k - a bubbling ruby potion The hobgoblin hits you with a club.
* * * LOW HITPOINT WARNING * * *
Casting: Ensorcelled Hibernation
Confirm with . or Enter, or press ? or * to list all spells.
Aiming: Ensorcelled Hibernation
Press: ? - help, Shift-Dir - straight line, f - hobgoblin
Aim: a hobgoblin, wielding a club (chance to defeat MR: 62%)
The hobgoblin resists with significant effort.
Casting: Ensorcelled Hibernation
Confirm with . or Enter, or press ? or * to list all spells.
Aiming: Ensorcelled Hibernation
Press: ? - help, Shift-Dir - straight line, f/p - hobgoblin
Aim: a hobgoblin, wielding a club (chance to defeat MR: 62%)
The hobgoblin resists with significant effort.
The hobgoblin completely misses you. The frilled lizard bites you.
* * * LOW HITPOINT WARNING * * *
Are you sure you want to abandon this character and quit the game? (Confirm with "yes".)

.##.........##†#
...........##.#
#........###.#
#.........##.#
#.........##.#
#.K.......##.#
#.........##.#
##wgl......##.###
#..@.......#....#
#...........#....#
......####^....#....# #...
.###########..>#....# #.#.
. ####.........######.###
...#.##...............###.#
#....#......⌠...⌠......##.#
#...##...⌠.........⌠...##.#
#.#.#.........≈.........#.#


You could see a dart slug, a hobgoblin, a kobold and a frilled lizard.

Vanquished Creatures
  A goblin (D:2)
  A hobgoblin (D:1)
  4 jackals (D:1)
  A kobold (D:2)
  2 bats
9 creatures vanquished.

Notes
Turn   | Place    | Note
-------+----------+-------------------------------------------
     0 | D:1      | tidbits the Gnoll Enchanter began the quest for the Orb.
     0 | D:1      | Reached XP level 1. HP: 13/13 MP: 6/6
    86 | D:1      | Reached XP level 2. HP: 13/19 MP: 3/7
    90 | D:1      | Learned a level 2 spell: Ensorcelled Hibernation
   221 | D:2      | Found a stormy altar of Qazlal.
   221 | D:2      | Found a glowing silver altar of Zin.
   222 | D:2      | Found an opulent altar of Gozag.
   250 | D:1      | Quit the game

Action                   || total
-------------------------++-------
Melee: Dagger            ||    36
       Bite              ||     2
 Cast: Corona            ||     7
       Ensorcelled Hiber ||     5
  Use: Potion            ||     1
 Stab: Sleeping          ||     3
Armor: Robe              ||     7
Dodge: Dodged            ||    36

Table legend:
 A = Turns spent in this place as a percentage of turns spent in the entire game.
 B = Non-inter-level travel turns spent in this place as a percentage of non-inter-level travel turns spent in the entire game.
 C = Inter-level travel turns spent in this place as a percentage of turns spent in this place.
 D = Turns resting spent in this place as a percentage of non-inter-level travel turns spent in this place.
 E = Turns spent auto-exploring this place as a percentage of non-inter-level travel turns spent in this place.
 F = Non-inter-level travel turns spent in this place divided by the number of levels of this place that you've seen.
                   A       B       C       D       E      F
               +-------+-------+-------+-------+-------+----------------------
         Total | 100.0 | 100.0 |   0.0 |   0.0 |   0.0 | 125.0
       Dungeon | 100.0 | 100.0 |   0.0 |   0.0 |   0.0 | 125.0
               +-------+-------+-------+-------+-------+----------------------

Table legend:
 A = Kills in this place as a percentage of kills in entire the game.
 B = Kills by you in this place as a percentage of kills by you in the entire game.
 C = Kills by friends in this place as a percentage of kills by friends in the entire game.
 D = Other kills in this place as a percentage of other kills in the entire game.
 E = Experience gained in this place as a percentage of experience gained in the entire game.
 F = Experience gained in this place divided by the number of levels of this place that you have seen.
                   A       B       C       D       E      F
               +-------+-------+-------+-------+-------+----------------------
         Total | 100.0 | 100.0 |   N/A |   N/A | 100.0 |   8.0
       Dungeon | 100.0 | 100.0 |   N/A |   N/A | 100.0 |   8.0
               +-------+-------+-------+-------+-------+----------------------

Vault maps used:
D:1:      dpeg_arrival_stone_temple_mockup
D:2:      kennysheep_big_flooded_room, nicolae_overflow_hidden_temple,
          minitemple, st_stairs_11, uniq_robin, uniq_terence
